 Dungeon Crawl Stone Soup version 0.22.1-6-g1668fe2 (webtiles) character file.

58 Kairos the Shield-Bearer (level 4, -2/24 HPs)
             Began as a Vine Stalker Fighter on Jan 20, 2019.
             Slain by a goblin (5 damage)
             ... led by Robin
             ... on level 2 of the Dungeon.
             The game lasted 00:01:08 (942 turns).

Kairos the Shield-Bearer (Vine Stalker Fighter)      Turns: 942, Time: 00:01:09

Health: -2/24      AC:  6    Str: 19    XL:     4   Next: 2%
Magic:  0/5        EV:  7    Int:  8    God:
Gold:   29         SH:  9    Dex: 14    Spells: 3/3 levels left

rFire    . . .     SeeInvis .   a - +0 war axe
rCold    . . .     Gourm    .   c - +0 shield
rNeg     . . .     Faith    .   b - +0 scale mail
rPois    .         Spirit   +   (no helmet)
rElec    .         Reflect  .   (no cloak)
rCorr    .         Harm     .   (no gloves)
MR       .....                  (no boots)
Stlth    ..........             (no amulet)
HPRegen  0.48/turn              (no ring)
MPRegen  0.09/turn              (no ring)

@: no status effects
A: fangs 2, regeneration 1, magic shield, antimagic bite, no potion heal 3, rot
immunity
a: no special abilities


You were on level 2 of the Dungeon.
You were hungry.

You visited 1 branch of the dungeon, and saw 2 of its levels.

You collected 29 gold pieces.

Inventory:

Hand Weapons
 a - a +0 war axe (weapon)
Armour
 b - a +0 scale mail (worn)
 c - a +0 shield (worn)
Scrolls
 g - a scroll of teleportation {unknown}
 h - a scroll of enchant armour {unknown}
 i - a scroll of identify {unknown}
Potions
 d - a potion of might
 e - a potion of heal wounds {unknown}
 j - a potion of cancellation {unknown}
 k - a potion of haste {unknown}
Comestibles
 f - 2 rations


   Skills:
 + Level 3.1 Fighting
 + Level 2.3 Axes
 + Level 2.6 Armour
 + Level 0.7 Dodging
 + Level 3.2 Shields


You had 3 spell levels left.
You didn't know any spells.
Your spell library was empty.

Dungeon Overview and Level Annotations

Branches:
Dungeon (2/15)

Altars:

Annotations:
D:2 Robin


Innate Abilities, Weirdness & Mutations

You have extremely sharp teeth.
Your natural rate of healing is unusually fast.
When hurt, damage is shared between your health and your magic reserves.
Your bite disrupts and absorbs the magic of your enemies.
Potions cannot restore your health.
You are immune to rotting.


Message History

You block Robin's attack. The goblin hits you but does no damage.
You slash Robin! Your bite misses Robin.
Robin is heavily wounded.
Your shield and scale mail prevent you from hitting the goblin.
Robin hits you but does no damage. The goblin hits you but does no damage.
A rat comes into view.
You slash Robin!
Robin is almost dead.
You barely miss the goblin. Robin hits you but does no damage.
The goblin hits you but does no damage. Robin hits you but does no damage.
You block the goblin's attack.
You barely miss Robin.
Robin is almost dead.
You barely miss the goblin. Robin barely misses you. The goblin hits you.
* * * LOW HITPOINT WARNING * * *
Your shield and scale mail prevent you from hitting Robin.
Robin is almost dead.
You closely miss the goblin. Robin hits you but does no damage.
The goblin closely misses you. The goblin hits you.
You die...

###############
#####..............
###.....#####.######
....##### #.# #####
#.# #.# ## #.# ..
#.#####.# #.gg@gr.#
#.####### #>#


#g..gg.gg ######### You could see Robin, a hobgoblin, a goblin and a rat.

Vanquished Creatures
  An ooze (D:1)
  A dart slug (D:1)
  2 ball pythons
  7 bats (D:1)
  2 giant cockroaches (D:1)
  10 hobgoblins (D:1)
  4 jackals (D:2)
  2 kobolds (D:1)
  A quokka (D:2)
  2 frilled lizards (D:1)
  10 goblins
  3 rats (D:1)
45 creatures vanquished.

Notes
Turn   | Place    | Note
-------+----------+-------------------------------------------
     0 | D:1      | Kairos the Vine Stalker Fighter began the quest for the
                  | Orb.
     0 | D:1      | Reached XP level 1. HP: 11/11 MP: 2/2
    57 | D:1      | Reached XP level 2. HP: 11/16 MP: 1/3
   316 | D:1      | Reached XP level 3. HP: 16/20 MP: 4/4
   919 | D:2      | Noticed Robin
   934 | D:2      | HP: 1/20 [goblin/club[Robin] (4)]
   935 | D:2      | Gained mutation: Your natural rate of healing is unusually
                  | fast. [Vine Stalker growth]
   935 | D:2      | Reached XP level 4. HP: 1/24 MP: 0/5
   942 | D:2      | Slain by a goblin

Skill      XL: |  1  2 |
---------------+-------+-----
Fighting       | 3 |  3.1
Axes           | 2 |  2.3
Shields        | 3 |  3.2
Armour         | |  2.6
Dodging        | |  0.7

Action                   |  1- 3 |  4- 6 || total
-------------------------+-------+-------++-------
Melee: War axe           |   130 |     6 ||   136
       Bite              |    30 |       ||    30
Armor: Scale mail        |    69 |     7 ||    76
Dodge: Dodged            |    60 |     3 ||    63
Block: Shield            |    91 |     3 ||    94
